 Dungeon Crawl Stone Soup version 0.30-a0-377-g5cb311bc9f (webtiles) character file.

Game seed: 16230073264994813855

89 tio the Trooper (level 4, -2/29 HPs)
             Began as a Gargoyle Berserker on Nov 28, 2022.
             Was a Believer of Trog.
             Slain by a gnoll
             ... wielding a +0 flail
              (6 damage)
             ... on level 2 of the Dungeon.
             The game lasted 00:11:14 (1734 turns).

tio the Trooper (Gargoyle Berserker)                Turns: 1734, Time: 00:11:15

Health: -2/29      AC: 12    Str: 22    XL:     4   Next: 55%
Magic:  13/13      EV:  8    Int:  8    God:    Trog [**....]
Gold:   165        SH:  0    Dex:  9    Spells: 3/3 levels left

rFire   . . .      SeeInvis .    g - +1 glaive
rCold   . . .      Faith    .    (shield currently unavailable)
rNeg    + . .      Spirit   .    c - +0 chain mail
rPois   ∞          Reflect  .    (no helmet)
rElec   +          Harm     .    (no cloak)
rCorr   .          Rampage  .    (no gloves)
Will    .....                    (no boots)
Stlth   ..........               (no amulet)
HPRegen 0.24/turn                d - ring of magical power
MPRegen 0.13/turn                (no ring)

@: no status effects
A: sickness immunity, AC +3, negative energy resistance 1, electricity
resistance, torment resistance 1, petrification resistance
a: Renounce Religion, Berserk, Trog's Hand


You were on level 2 of the Dungeon.
You worshipped Trog.
Trog was pleased with you.
You visited 1 branch of the dungeon, and saw 3 of its levels.

You collected 165 gold pieces.

Inventory:

Hand Weapons
 g - a +1 glaive (weapon)
Missiles
 a - 4 poisoned darts (quivered)
Armour
 c - a +0 chain mail (worn)
Jewellery
 b - a ring of resist corrosion
 d - a ring of magical power (left hand)
Scrolls
 e - a scroll of fog {unknown}
 f - 3 scrolls of teleportation
 h - a scroll of fear {unknown}


   Skills:
 + Level 3.8 Fighting
 + Level 3.3 Long Blades
 + Level 1.3 Polearms
 + Level 2.7 Armour
 + Level 1.7 Dodging
 * Level 0.3 Stealth
 * Level 0.5 Unarmed Combat
 * Level 0.4 Spellcasting


You had 3 spell levels left.
You didn't know any spells.
Your spell library contained the following spells:

 Spells                   Type           Power      Damage    Failure   Level
 Sting                    Tmut/Pois      0%         1d3       98%         1
 Poisonous Vapours        Pois/Air       0%         N/A       99%         2
 Olgreb's Toxic Radiance  Pois           0%         N/A       100%        4


Dungeon Overview and Level Annotations

Branches:
Dungeon (3/15)

Altars:


Innate Abilities, Weirdness & Mutations

You are immune to sickness and miasma.
Your stone body is resilient. (AC +3)
You are immune to poison.
You resist negative energy. (rN+)
You are resistant to electric shocks. (rElec)
You are resistant to unholy torment.
You are immune to petrification.


Message History

The frilled lizard bites you but does no damage.
You barely miss the gnoll. The gnoll barely misses you.
The frilled lizard barely misses you. The gnoll hits you with a +0 flail!
* * * LOW HITPOINT WARNING * * *
The frilled lizard bites you but does no damage.
You barely miss the gnoll.
The frilled lizard bites you but does no damage.
The gnoll hits you but does no damage.
As you read the scroll of teleportation, it crumbles to dust.
You feel strangely unstable. The gnoll completely misses you.
The frilled lizard barely misses you.
As you read the scroll of teleportation, it crumbles to dust.
You feel strangely stable. The gnoll hits you with a +0 flail.
* * * LOW HITPOINT WARNING * * *
The frilled lizard unfolds its giant frill.
The frilled lizard barely misses you. The gnoll attacks as you move away!
The gnoll hits you but does no damage.
The frilled lizard bites you but does no damage.
The frilled lizard barely misses you.
Things that are here:
a +0 whip; a gnoll corpse The frilled lizard attacks as you move away!
The frilled lizard closely misses you. The gnoll attacks as you move away!
The gnoll barely misses you. The gnoll attacks as you move away!
The gnoll hits you but does no damage. The gnoll attacks as you move away!
The gnoll hits you but does no damage.
A kobold comes into view. It is wielding a +0 short sword.
The gnoll attacks as you move away! The gnoll hits you with a +0 flail.
* * * LOW HITPOINT WARNING * * *
The kobold shouts!
The gnoll hits you but does no damage.
The frilled lizard completely misses you.
The frilled lizard attacks as you move away!
The frilled lizard barely misses you.
There is a stone staircase leading up here.
The gnoll closely misses you. The frilled lizard barely misses you.
You climb upwards.
There is a stone staircase leading down here.
The gnoll attacks as you move away! The gnoll hits you with a +0 flail.
You die...

.######.# #..# ##.##. #.......#
#..# #†### #.##'''## #..## #.# #
#.##...# #...# ###.# # #.##~.~#
#...# #...# # #.##~.~#
####...#### #.### # #.##~.~#
##.........## #.# #.##~.~#
#..gl...###.######### #.##~.~#
#...@..## ##.####8##8 #.##~.~#
#.##..## ##..'.....
#####.##########..# #.###8##8
~~~##.##~~~~~~~#..## ##.#######
.....8........~##..## ##.........
~~~##.##~~~~~~~##.#.###..##.#####
#####.###########........##..#
#~.~# ####...#####.# #~.~###
##.## #.#


You could see a gnoll and a frilled lizard.

Vanquished Creatures
  3 gnolls (D:3)
  An adder (D:2)
  A dart slug (D:2)
  2 bats (D:1)
  3 endoplasms
  5 giant cockroaches
  4 goblins
  5 hobgoblins
  4 jackals (D:2)
  A quokka (D:1)
  5 ball pythons
  2 frilled lizards
  5 kobolds
  4 rats
45 creatures vanquished.

Notes
Turn   | Place    | Note
-------+----------+-------------------------------------------
     0 | D:1      | tio the Gargoyle Berserker began the quest for the Orb.
     0 | D:1      | Reached XP level 1. HP: 14/14 MP: 1/1
    85 | D:1      | Reached XP level 2. HP: 15/19 MP: 2/2
   853 | D:1      | Reached XP level 3. HP: 24/24 MP: 3/3
  1124 | D:2      | Reached ** piety under Trog
  1558 | D:2      | Reached XP level 4. HP: 29/29 MP: 4/4
  1708 | D:3      | Reached skill level 1 in Polearms
  1717 | D:3      | HP: 1/29 [gnoll/+0 flail (2)]
  1734 | D:2      | Slain by a gnoll

Illustrated notes

Levels and vault maps discovered:
D:1:      minmay_arrival_stone_box, layout_basic
D:2:      layout_loops_ring, minivault_19, dk_noncrumbling_2,
          corexii_corridor_pit, kennysheep_cross_bottleneck
D:3:      layout_basic

Skill      XL: |  1  2  3  4 |
---------------+-------------+-----
Long Blades    | 3 |  3.3
Polearms       | 1 |  1.3
Fighting       | |  3.8
Armour         | |  2.7
Dodging        | |  1.7
Stealth        | |  0.3
Unarmed Combat | |  0.5
Spellcasting   | |  0.4

Action                   |  1- 3 |  4- 6 || total
-------------------------+-------+-------++-------
Melee: Falchion          |    58 |       ||    58
       Glaive            |    64 |    15 ||    79
       Punch             |     1 |       ||     1
  Use: Scroll            |     6 |     2 ||     8
Armor: Animal skin       |     4 |       ||     4
       Chain mail        |   104 |    26 ||   130
Dodge: Dodged            |    75 |    24 ||    99

Table legend: (Time is in decaauts)
 A = Elapsed time spent in this place.
 B = Non-inter-level travel time spent in this place.
 C = Inter-level travel time spent in this place.
 D = Time resting spent in this place.
 E = Time spent auto-exploring this place.
 F = Levels seen in this place.
 G = Mean time per level.
                   A        B        C        D        E       F      G
               +--------+--------+--------+--------+--------+-----+--------+
         Total |   1796 |   1616 |    180 |      0 |   1203 |   3 |  598.7 |
       Dungeon |   1796 |   1616 |    180 |      0 |   1203 |   3 |  598.7 |
               +--------+--------+--------+--------+--------+-----+--------+

Top non-repeatable levels by time:
     D:1: 952 daAuts
     D:2: 788 daAuts
     D:3: 55 daAuts
